 Dungeon Crawl Stone Soup version 0.31-a0-1068-g5939ac1fb6 (webtiles) character file.

Game seed: 10932806787169785039

16972 Maratek the Protected (level 12, -22/94 HPs)
             Began as a Demonspawn Fighter on Nov 24, 2023.
             Was a Follower of Ru.
             Annihilated by a very large slime creature (50 damage)
             ... on level 12 of the Dungeon.
             The game lasted 00:21:25 (11785 turns).

Maratek the Protected (Demonspawn Fighter)         Turns: 11785, Time: 00:21:25

Health: -22/94     AC: 17    Str: 26    XL:     12   Next: 14%
Magic:  12/12      EV: 16    Int:  9    God:    Ru [*.....]
Gold:   597        SH:  5    Dex: 17    Spells: 11/11 levels left

rFire   + + .        e - +8 shortbow "Z" {drain, *Corrode rPois rF+ Str+8}
rCold   . . .        (shield currently unavailable)
rNeg    . . .        y - +5 ring mail {rF+}
rPois   +            (helmet unavailable)
rElec   .            (no cloak)
rCorr   .            w - +2 pair of gloves
SInv    +            (no boots)
Will    .....        t - amulet of reflection
Stlth   +            j - ring of flight
HPRegen 0.35/turn    v - ring of see invisible
MPRegen 0.13/turn

%: corrode self (3%), reflection
@: flying, hasted, very quick
A: horns 3, slimy green scales 1, powered by death 1, no hexes magic, no
necromancy magic, no poison magic, no forms
a: Renounce Religion


You were on level 12 of the Dungeon.
You worshipped Ru.
Ru was aware of your devotion.
You visited 2 branches of the dungeon, and saw 13 of its levels.
You also visited: Ossuary.

You collected 597 gold pieces.

Inventory:

Hand Weapons
 e - the +8 shortbow "Z" (weapon) {drain, *Corrode rPois rF+ Str+8}
   (You acquired it on level 2 of the Dungeon)

   Str+8:     It affects your strength (+8).
   rF+:       It protects you from fire.
   rPois:     It protects you from poison *Corrode: It may corrode you when you
   take damage.
Missiles
 m - 2 throwing nets
Armour
 w - a +2 pair of gloves (worn)
 y - a +5 ring mail of fire resistance (worn)
Jewellery
 j - a ring of flight (left hand)
 t - an amulet of reflection (around neck)
 v - a ring of see invisible (right hand)
 B - a +6 ring of intelligence
Wands
 g - a wand of digging (7)
 h - a wand of iceblast (10)
 r - a wand of flame (9)
Scrolls
 a - 2 scrolls of revelation
 b - 2 scrolls of silence
 c - 2 scrolls of teleportation
 i - 7 scrolls of enchant weapon
 l - 2 scrolls of fog
 q - 3 scrolls of poison
 u - a scroll of amnesia
 C - a scroll of enchant armour
Potions
 d - 7 potions of might
 f - a potion of heal wounds
 k - 3 potions of attraction
 n - 2 potions of haste
 o - a potion of brilliance
 p - a potion of mutation {unknown}
 x - a potion of enlightenment
 z - a potion of berserk rage {unknown}
 A - a potion of ambrosia {unknown}


   Skills:
 + Level 8.7 Fighting
 - Level 3.2 Long Blades
 * Level 9.5 Ranged Weapons
 * Level 10.2 Armour
 * Level 9.3 Dodging
 - Level 3.9 Shields


You had 11 spell levels left.
You didn't know any spells.
Your spell library contained the following spells:

 Spells                   Type           Power      Damage    Failure   Level
 Blink                    Tloc           0%         N/A       63%         2
 Lesser Beckoning         Tloc           0%         N/A       63%         2
 Momentum Strike          Conj/Tloc      0%         3d8       63%         2
 Passage of Golubria      Tloc           0%         N/A       99%         4
 Malign Gateway           Summ/Tloc      0%         N/A       100%        7
 Lehudib's Crystal Spear  Conj/Erth      0%         10d2      100%        8
 Summon Horrible Things   Summ           0%         N/A       100%        8
 Silence                  Hex/Air        Unusable   N/A       N/A         5

Dungeon Overview and Level Annotations

Branches:
Dungeon (12/15)            Temple (1/1) D:6            Lair (0/5) D:9
    Orc (0/2) D:12        Ossuary (visited)

Altars:
Ashenzari
Cheibriados
Dithmenos
Fedhas
Gozag
Hepliaklqana
Kikubaaqudgha
Makhleb
Nemelex Xobeh
Okawaru
Qazlal
Ru
Sif Muna
Trog
Uskayaw
Vehumet
Wu Jian
Yredelemnul

Shops:
D:2 !   D:6 !   D:8 [   D:11 *   D:12 =


Innate Abilities, Weirdness & Mutations

You have a pair of large horns on your head.
You are partially covered in slimy green scales. (AC +2)
You regenerate a little health from kills.
You cannot study or cast Hexes magic.
You cannot study or cast Necromancy magic.
You cannot study or cast Poison magic.
You cannot voluntarily change form.


Message History

* * * LOW HITPOINT WARNING * * *
You are too injured to fight recklessly!
You are too injured to fight recklessly!
You are too injured to fight recklessly!
You are too injured to fight recklessly!
You are too injured to fight recklessly!
You are too injured to fight recklessly!
You are too injured to fight recklessly!
You are too injured to fight recklessly!
You are too injured to fight recklessly!
You are too injured to fight recklessly!
You are too injured to fight recklessly!
You are too injured to fight recklessly!
You are too injured to fight recklessly!
You are too injured to fight recklessly!
You are too injured to fight recklessly!
You are too injured to fight recklessly!
You are too injured to fight recklessly!
You are too injured to fight recklessly!
You are too injured to fight recklessly!
You are too injured to fight recklessly!
You are too injured to fight recklessly!
You are too injured to fight recklessly!
You are too injured to fight recklessly!
You are too injured to fight recklessly!
You are too injured to fight recklessly!
You are too injured to fight recklessly!
You are too injured to fight recklessly!
You are too injured to fight recklessly!
You are too injured to fight recklessly!
You are too injured to fight recklessly!
You are too injured to fight recklessly!
You are too injured to fight recklessly!
You are too injured to fight recklessly!
You are too injured to fight recklessly!
You feel yourself speed up.
A green ugly thing comes into view.
A slime creature comes into view.
The very large slime creature hits you!!!
Ouch! That really hurt!
You die...

#..# #......# #. #
#......# ..# ###+#
#......### ...
.....####...............
........................
.......................
#..................#
#..@.............###
#.J###'#####.....#..
#.>#....⌠.⌠#.....#..
#...#.....∩......##..
#...#....⌠.⌠#..>.#...
u..J#########....#...
..... ........'...
####.. .........####
...........


You could see a green ugly thing, a very large slime creature (drained) and a
slime creature.

Vanquished Creatures
  A fire dragon (D:10)
  3 boulder beetles
  A two-headed ogre (D:11)
  A deep elf pyromancer (D:12)
  A cyclops (D:11)
  7 centaur zombies (D:11)
  A gargoyle (D:10)
  A kobold demonologist (D:10)
  3 trolls
  A hornet (D:10)
  2 meliai zombies (D:11)
  Sigmund (D:2)
  4 wraiths
  A shadow (D:11)
  2 vampires
  2 wyverns
  A water elemental (D:12)
  4 steam dragons
  15 yaks
  3 wargs (D:9)
  Edmund (D:4)
  Menkaure (Ossuary)
  A water moccasin (D:8)
  2 ice beasts
  A black bear (D:7)
  7 orc warriors
  4 centaurs
  Blork the orc (D:5)
  3 kobold brigands
  8 bullfrogs
  A scorpion (D:5)
  3 gnoll sergeants
  3 wights (D:8)
  8 killer bees
  A vampire bat (D:3)
  A howler monkey (D:4)
  An electric eel (D:12)
  2 lava snakes (D:10)
  4 orc priests
  3 jellies
  Ijyb (D:3)
  A gnoll bouda (D:7)
  6 iguanas
  An iron imp (D:7)
  2 sleepcaps
  15 orc wizards
  3 mummies (Ossuary)
  13 gnolls
  10 adders
  A shadow imp (D:6)
  6 ufetubi
  2 worms
  3 fire bats (D:3)
  40 orcs
  2 spectral bats (D:3)
  12 bats
  3 bat skeletons (D:3)
  A bat zombie (D:3)
  4 endoplasms
  4 giant cockroaches
  7 hobgoblins
  2 jackals (D:5)
  A quokka (D:3)
  8 ball pythons
  A bat simulacrum (D:3)
  5 frilled lizards
  2 gnoll skeletons (Ossuary)
  5 gnoll zombies (Ossuary)
  6 goblins
  5 goblin skeletons
  4 goblin zombies
  8 hobgoblin skeletons (Ossuary)
  7 hobgoblin zombies
  15 kobolds
  6 kobold skeletons (Ossuary)
  5 kobold zombies
  5 orc skeletons
  8 orc zombies
  6 rats
  3 rat skeletons (Ossuary)
  6 rat zombies (Ossuary)
356 creatures vanquished.

Notes
Turn   | Place    | Note
-------+----------+-------------------------------------------
     0 | D:1      | Maratek the Demonspawn Fighter began the quest for the Orb.
     0 | D:1      | Reached XP level 1. HP: 18/18 MP: 1/1
   599 | D:1      | Gained mutation: You have a pair of small horns on your
                  | head. [demonic ancestry]
   599 | D:1      | Reached XP level 2. HP: 18/24 MP: 2/2
  1087 | D:2      | Reached skill level 3 in Armour
  1109 | D:2      | Noticed Sigmund
  1118 | D:2      | Killed Sigmund
  1119 | D:2      | Reached XP level 3. HP: 8/30 MP: 3/3
  1119 | D:2      | Gained mutation: You have a pair of horns on your head.
                  | [demonic ancestry]
  1119 | D:2      | Reached XP level 4. HP: 10/37 MP: 4/4
  1119 | D:2      | Reached XP level 5. HP: 12/42 MP: 5/5
  1459 | D:2      | Found Iriffa's Distillery.
  1770 | D:2      | Identified a scroll of acquirement
  1776 | D:2      | Acquired the +8 shortbow "Z" {drain, *Corrode rPois rF+
                  | Str+8}
  2000 | D:3      | Noticed Ijyb
  2007 | D:3      | Killed Ijyb
  2008 | D:3      | Reached XP level 6. HP: 32/48 MP: 6/6
  2305 | D:3      | Found a faded altar of an unknown god.
  2644 | D:3      | Reached skill level 4 in Armour
  2673 | D:3      | Reached skill level 1 in Ranged Weapons
  2831 | D:4      | Reached skill level 1 in Dodging
  3086 | D:4      | Reached XP level 7. HP: 55/55 MP: 7/7
  3132 | D:4      | Found an ornate altar of the Wu Jian Council.
  3213 | D:4      | Found a blossoming altar of Fedhas.
  3214 | D:4      | Found a sparkling altar of Nemelex Xobeh.
  3284 | D:4      | Noticed Edmund
  3296 | D:4      | Killed Edmund
  3649 | D:5      | Entered Level 5 of the Dungeon
  3671 | D:5      | Found a snail-covered altar of Cheibriados.
  4075 | D:5      | Reached skill level 5 in Fighting
  4077 | D:5      | Reached skill level 5 in Armour
  4301 | D:5      | Noticed Blork the orc
  4307 | D:5      | Killed Blork the orc
  4308 | D:5      | Reached XP level 8. HP: 55/62 MP: 8/8
  4336 | D:5      | Found a shimmering blue altar of Sif Muna.
  4622 | D:6      | Found a bloodstained altar of Trog.
  4626 | D:6      | Found Ilutiown's Distillery.
  4757 | D:6      | Found a staircase to the Ecumenical Temple.
  4789 | Temple   | Entered the Ecumenical Temple
  4857 | Temple   | Became a worshipper of Ru the Awakened
  5429 | D:7      | HP: 1/63 [orc warrior/arrow (9)]
  5716 | D:7      | Reached skill level 6 in Armour
  5782 | D:7      | Gained mutation: You are partially covered in slimy green
                  | scales. (AC +2) [demonic ancestry]
  5782 | D:7      | Reached XP level 9. HP: 69/69 MP: 9/9
  5943 | D:7      | Gained mutation: You cannot study or cast Poison magic. [Ru
                  | sacrifice]
  5943 | D:7      | Gained mutation: You cannot study or cast Hexes magic. [Ru
                  | sacrifice]
  5943 | D:7      | Gained mutation: You cannot study or cast Necromancy magic.
                  | [Ru sacrifice]
  5943 | D:7      | Reached * piety under Ru
  6221 | D:8      | Found Leyshrur's Armour Shop.
  6399 | D:8      | Reached skill level 5 in Ranged Weapons
  6437 | D:8      | Reached skill level 5 in Dodging
  6642 | D:8      | Found a sand-covered staircase.
  6671 | Ossuary  | Entered an ossuary
  7140 | Ossuary  | Noticed Menkaure
  7147 | Ossuary  | Killed Menkaure
  7327 | D:8      | Reached skill level 7 in Armour
  7327 | D:8      | Noticed a boulder beetle
  7406 | D:8      | Killed a boulder beetle
  7407 | D:8      | Gained mutation: You regenerate a little health from kills.
                  | [demonic ancestry]
  7407 | D:8      | Reached XP level 10. HP: 46/77 MP: 10/10
  8077 | D:9      | Reached skill level 8 in Armour
  8271 | D:9      | Found a staircase to the Lair.
  8981 | D:10     | Entered Level 10 of the Dungeon
  9153 | D:10     | Noticed a fire dragon
  9157 | D:10     | Noticed a gargoyle
  9209 | D:9      | Gained mutation: You cannot voluntarily change form. [Ru
                  | sacrifice]
  9226 | D:10     | Reached XP level 11. HP: 66/84 MP: 11/11
  9395 | D:10     | Killed a fire dragon
  9412 | D:10     | Reached skill level 9 in Armour
  9731 | D:10     | Paralysed by a hornet for 2 turns
 10139 | D:10     | Found an iron altar of Okawaru.
 10224 | D:11     | Noticed a boulder beetle
 10248 | D:11     | Killed a boulder beetle
 10412 | D:11     | Noticed a two-headed ogre
 10415 | D:11     | Killed a two-headed ogre
 10775 | D:11     | Found Hacrony's Demolitions Depot.
 10890 | D:11     | Noticed a boulder beetle
 10905 | D:11     | Killed a boulder beetle
 11031 | D:11     | Reached skill level 10 in Armour
 11241 | D:11     | Gained mutation: You have a pair of large horns on your
                  | head. [demonic ancestry]
 11241 | D:11     | Reached XP level 12. HP: 61/94 MP: 12/12
 11741 | D:12     | Found a staircase to the Orcish Mines.
 11762 | D:12     | Found Furev's Jewellery Emporium.
 11785 | D:12     | Annihilated by a very large slime creature

Illustrated notes

Levels and vault maps discovered:
D:1:      heliophobic_arrival_ceremonial_halls, layout_loops_corners
D:2:      layout_basic, serial_shops, shop, hex_intersection,
          chequers_mini_garden, uniq_sigmund
D:3:      layout_basic, shapermc_ecumenical_altar_petra, goddamned_bats,
          uniq_ijyb
D:4:      layout_basic, nzn_wu_jian_contemplation,
          nicolae_overflow_two_pavilions, st_stairs_11, uniq_edmund
D:5:      layout_loops_ring, cheibriados_altar_1, tgw_sif
D:6:      layout_cave_pods, lemuel_round_altar, minmay_temple_entry_ruins,
          serial_shops, kennysheep_little_box, corexii_hall_statues_i,
          serial_bayou_lagoon_a, lexackson_kobold_supper
D:7:      layout_cave_pools, nicolae_tso_besieged_by_evil
D:8:      minmay_clustersquares, layout_loops_cross, serial_shops,
          nicolae_shop_scrapyard, nicolae_ossuary_entry_monument,
          minmay_misc_feat_ornament, sword_in_stone
D:9:      layout_stronghold, erik_lair_orcish_takeover
D:10:     layout_cave_pools, lemuel_doored_altar,
          nicolae_overflow_hidden_temple, kennysheep_island_fort
D:11:     layout_loops_corners, serial_undead, serial_undead_d, serial_undead_d,
          serial_undead_d, serial_undead_e, serial_undead_b, serial_undead_e,
          nicolae_blasting_shop, kennysheep_minor_cross
D:12:     layout_irregular_city, orc_0_dummy, serial_bayou, serial_bayou_ford_a,
          serial_bayou_pond_b, serial_bayou_pond_d, serial_bayou_shore_b,
          serial_shops, shop_fountains, minmay_hedge_maze, minmay_puff
Temple:   oiseaux_autumnal_temple

Skill      XL: |  1  2  3  4  5  6  7  8  9 10 11 |
---------------+----------------------------------+-----
Long Blades    | 2 3 |  3.2
Shields        | 3 |  3.9
Armour         | 3 4 5 6 7 8 10 | 10.2
Fighting       | 4 5 6 7 8 |  8.7
Ranged Weapons | 1 3 4 6 7 9 |  9.5
Dodging        | 1 2 4 6 7 9 |  9.3

Action                     |  1- 3 |  4- 6 |  7- 9 | 10-12 || total
---------------------------+-------+-------+-------+-------++-------
  Melee: Long sword        |    61 |    26 |       |       ||    87
         Headbutt          |     4 |     6 |       |       ||    10
   Fire: Shortbow          |       |    99 |   488 |   560 ||  1147
 Invoke: Sacrifice Arcana  |       |       |     1 |       ||     1
         Sacrifice Forms   |       |       |       |     1 ||     1
  Evoke: Wand              |       |       |     2 |    12 ||    14
    Use: Scroll            |       |     8 |     6 |    11 ||    25
         Potion            |       |       |     4 |     8 ||    12
 Armour: Scale mail        |    39 |   130 |    93 |       ||   262
         Steam dragon scal |       |       |    43 |    74 ||   117
         Ring mail         |       |       |       |   209 ||   209
  Dodge: Dodged            |    25 |    77 |   111 |   364 ||   577
  Block: Buckler           |    12 |     5 |       |       ||    17
         Other             |       |       |    20 |   103 ||   123
         Reflection        |       |       |     1 |     3 ||     4

Table legend: (Time is in decaauts)
 A = Elapsed time spent in this place.
 B = Non-inter-level travel time spent in this place.
 C = Inter-level travel time spent in this place.
 D = Time resting spent in this place.
 E = Time spent auto-exploring this place.
 F = Levels seen in this place.
 G = Mean time per level.
                   A        B        C        D        E       F      G
               +--------+--------+--------+--------+--------+-----+--------+
         Total |  12008 |  11227 |    781 |    558 |   8558 |  14 |  857.7 |
       Dungeon |  11353 |  10681 |    672 |    430 |   8324 |  12 |  946.1 |
        Temple |    114 |      5 |    109 |      0 |      0 |   1 |  114.0 |
       Ossuary |    540 |    540 |      0 |    128 |    234 |   1 |  540.0 |
               +--------+--------+--------+--------+--------+-----+--------+

Top non-repeatable levels by time:
    D:11: 1439 daAuts
     D:9: 1227 daAuts
    D:10: 1181 daAuts
     D:6: 1177 daAuts
     D:8: 1090 daAuts
     D:3: 1009 daAuts
     D:2: 937 daAuts
     D:1: 929 daAuts
     D:4: 862 daAuts
     D:5: 721 daAuts
     D:7: 639 daAuts
 Ossuary: 540 daAuts
    D:12: 139 daAuts
  Temple: 114 daAuts
